 Dungeon Crawl Stone Soup version 0.29.1-4-g47bece8355 (webtiles) character file.

Game seed: 1951118143454937865

228 retardedninja the Chopper (level 6, 0/47 HPs)
             Began as a Hill Orc Fighter on Dec 6, 2022.
             Succumbed to an orc wizard's poison
             ... on level 4 of the Dungeon.
             The game lasted 00:04:01 (3086 turns).

retardedninja the Chopper (Hill Orc Fighter)        Turns: 3086, Time: 00:04:02

Health: 0/47       AC:  9    Str: 22 (25) XL:     6   Next: 2%
Magic:  6/6        EV:  9    Int:  5 (7)  God:
Gold:   199        SH:  0    Dex:  6 (9)  Spells: 5/5 levels left

rFire   + . .      SeeInvis .   a - +0 war axe
rCold   + . .      Faith    .   c - +0 buckler
rNeg    . . .      Spirit   .   b - +0 scale mail
rPois   +          Reflect  .   (no helmet)
rElec   +          Harm     .   (no cloak)
rCorr   +          Rampage  .   (no gloves)
Will    .....                   (no boots)
Stlth   ..........              (no amulet)
HPRegen 0.15/turn               (no ring)
MPRegen 0.10/turn               (no ring)

@: confused, lethally poisoned (0 -> -14), resistant, on berserk cooldown,
hasted and slowed
A: iridescent scales 1, frail 1, strong 1
a: Convert to Beogh


You were on level 4 of the Dungeon.
You visited 1 branch of the dungeon, and saw 4 of its levels.

You collected 199 gold pieces.

Inventory:

Hand Weapons
 a - a +0 war axe (weapon)
Armour
 b - a +0 scale mail (worn)
 c - a +0 buckler (worn)
Wands
 s - a wand of acid (13)
Scrolls
 e - 2 scrolls of enchant weapon {unknown}
 f - 2 scrolls of immolation {unknown}
 h - 4 scrolls of identify {unknown}
 k - a scroll of summoning {unknown}
 l - a scroll of amnesia {unknown}
 m - a scroll of enchant armour {unknown}
 q - a scroll of blinking {unknown}
 r - 2 scrolls of brand weapon {unknown}
 t - 2 scrolls of vulnerability {unknown}
 w - a scroll of butterflies {unknown}
 x - a scroll of noise {unknown}
 y - a scroll of teleportation {unknown}
 z - a scroll of magic mapping {unknown}
Potions
 i - a potion of haste
 v - a potion of mutation


   Skills:
 + Level 4.6 Fighting
 + Level 5.2 Axes
 + Level 4.5 Armour
 + Level 0.3 Dodging
 + Level 0.1 Stealth
 + Level 4.2 Shields


You had 5 spell levels left.
You didn't know any spells.
Your spell library contained the following spells:

 Spells                   Type           Power      Damage    Failure   Level
 Portal Projectile        Hex/Tloc       0%         N/A       99%         3
 Tukima's Dance           Hex            0%         N/A       99%         3
 Cause Fear               Hex            0%         N/A       100%        4
 Alistair's Intoxication  Tmut/Pois      0%         N/A       100%        5
 Blade Hands              Tmut           0%         N/A       100%        5
 Borgnjor's Vile Clutch   Necr/Erth      0%         N/A       100%        5
 Eringya's Noxious Bog    Tmut/Pois      0%         N/A       100%        6
 Dragon Form              Tmut           0%         N/A       100%        7
 Dragon's Call            Summ           0%         N/A       100%        9


Dungeon Overview and Level Annotations

Branches:
Dungeon (4/15)
 Temple: D:4-7

Altars:

Shops:
D:1 ?


Innate Abilities, Weirdness & Mutations

You are partially covered in iridescent scales. (AC +2)
You are frail. (-10% HP)
Your muscles are strong. (Str +4, Int/Dex -1)


Message History

* * * LOW HITPOINT WARNING * * *
You feel very sick.
The orc priest looks braver for a moment.
It was a potion of heal wounds.
You feel much better.
You feel very sick.
An endoplasm comes into view.
It was a potion of resistance.
You feel protected.
You feel very sick.
The endoplasm quivers.
Okay, then.
You closely miss something. You barely miss the orc wizard.
You feel very sick. Something hits you but does no damage.
The orc wizard closely misses you.
You feel less confused.
You feel sick.
The orc priest invokes the aid of Beogh against you.
Beogh smites you!
* * * LOW HITPOINT WARNING * * *
Something hits you but does no damage.
The orc wizard points at you and mumbles some strange words.
You resist with some effort.
You feel sick.
The orc priest looks encouraged for a moment.
The orc wizard gestures at you while chanting.
You are confused.
The orc wizard attacks as you move away!
The orc wizard barely misses you. Something hits you.
* * * LOW HITPOINT WARNING * * *
x2 You feel sick.
It was a potion of degeneration.
There was something very wrong with that liquid.
You feel weakened.
You feel dopey.
You feel clumsy.
* * * LOW HITPOINT WARNING * * *
You feel sick. Something hits you but does no damage.
You are more poisoned.
Okay, then.
You are too confused!
You bump into the rock wall.
You die...

..... ... ...... ###..#
#...........###.#.. ...
#............#.... ...
..............#..# .....
..............#..####......
##............#.O.#.#......
....#..........@.o.J.......
.##...........###o..#......
....#..........###.##......
....#....>#...####.........
..........#................
.<........###..>...$.......
###........#...............
###......................
#...........##..........


You could see an ogre, an orc priest, an orc wizard and an endoplasm.

Vanquished Creatures
  The ghost of GigaChad the Trooper, a weakling DjCA of Ignis (D:3)
  An orc priest (D:4)
  Jessica (D:2)
  An orc wizard (D:4)
  3 adders (D:2)
  A worm (D:3)
  3 dart slugs
  4 orcs
  5 ball pythons
  9 endoplasms
  3 giant cockroaches
  6 goblins
  7 hobgoblins
  A jackal (D:2)
  4 kobolds
  2 quokkas (D:1)
  6 bats
  2 frilled lizards (D:3)
  2 rats
62 creatures vanquished.

Notes
Turn   | Place    | Note
-------+----------+-------------------------------------------
     0 | D:1      | retardedninja the Hill Orc Fighter began the quest for the
                  | Orb.
     0 | D:1      | Reached XP level 1. HP: 19/19 MP: 1/1
    47 | D:1      | Reached XP level 2. HP: 27/27 MP: 2/2
   171 | D:1      | Found a faded altar of an unknown god.
   426 | D:1      | Found Wenk's Magic Scroll Shoppe.
   625 | D:2      | Reached XP level 3. HP: 24/33 MP: 3/3
   766 | D:2      | Noticed Jessica
   770 | D:2      | Killed Jessica
   771 | D:2      | Reached skill level 3 in Axes
   808 | D:2      | Reached XP level 4. HP: 41/41 MP: 4/4
  1294 | D:2      | Reached skill level 4 in Axes
  1979 | D:3      | Reached XP level 5. HP: 47/47 MP: 5/5
  2129 | D:3      | Found a runed translucent door.
  2131 | D:3      | Noticed GigaChad's ghost (weakling DjCA)
  2503 | D:3      | Killed GigaChad's ghost
  2885 | D:4      | Reached skill level 5 in Axes
  2893 | D:4      | Reached XP level 6. HP: 27/53 MP: 6/6
  3071 | D:4      | Gained mutation: You are frail. (-10% HP) [potion of
                  | mutation]
  3071 | D:4      | Gained mutation: You are partially covered in iridescent
                  | scales. (AC +2) [potion of mutation]
  3071 | D:4      | Gained mutation: Your muscles are strong. (Str +4, Int/Dex
                  | -1) [potion of mutation]
  3078 | D:4      | HP: 1/47 [poisoned by an orc wizard]
  3086 | D:4      | Succumbed to an orc wizard's poison

Illustrated notes

Levels and vault maps discovered:
D:1:      dpeg_arrival_water_temple_mockup, layout_basic, serial_shops, shop,
          shapermc_ecumenical_altar_mp_urbaneastern, serial_glass,
          glass_columns_a, glass_columns_c, glass_columns_a, glass_columns_a,
          nicolae_titane
D:2:      minmay_general_purpose_star, layout_loops_corners, uniq_jessica
D:3:      layout_loops_ring, ebering_ghost_reflecting_pool, minivault_5
D:4:      layout_cave_pools

Skill      XL: |  1  2  3  4  5 |
---------------+----------------+-----
Shields        | 4 |  4.2
Fighting       | 4 |  4.6
Axes           | 3 4 5 |  5.2
Armour         | 4 |  4.5
Dodging        | |  0.3
Stealth        | |  0.1

Action                   |  1- 3 |  4- 6 || total
-------------------------+-------+-------++-------
Melee: War axe           |    45 |    92 ||   137
  Use: Potion            |       |    10 ||    10
Armor: Scale mail        |     9 |    41 ||    50
Dodge: Dodged            |    20 |    51 ||    71
Block: Buckler           |    11 |    19 ||    30
